 Dungeon Crawl Stone Soup version 0.31-a0-1447-g87ca8d402b (webtiles) character file.

Game seed: 12868122395376970794

44 Sonofthefire the Ruffian (level 3, -10/26 HPs)
             Began as an Octopode Shapeshifter on Dec 27, 2023.
             Mangled by Sigmund
             ... wielding a +2 heavy scythe
              (14 damage)
             ... on level 3 of the Dungeon.
             The game lasted 00:01:15 (902 turns).

Sonofthefire the Ruffian (Octopode Shapeshifter)     Turns: 902, Time: 00:01:16

Health: -10/26     AC:  5    Str: 15    XL:     3   Next: 60%
Magic:  3/3        EV: 13    Int: 12    God:
Gold:   80         SH:  0    Dex: 11    Spells: 2/2 levels left

rFire   . .          .
                       - Unarmed
rCold   . . .        (no shield)
rNeg    . . .        (helmet currently unavailable)
rPois   .            (no amulet)
rElec   .            h - +4 ring of protection
rCorr   .            (no ring)
SInv    .            (no ring)
Will    .....        (no ring)
Stlth   ++           (no ring)
HPRegen 0.24/turn    (no ring)
MPRegen 0.08/turn    (no ring)
                     (no ring)

%: no passive effects
@: beast-form
A: beast (slay +1), almost no armour, amphibious, 8 rings, camouflage 1,
gelatinous body 1, (nimble swimmer 1), tentacles
a: Begin Untransformation


You were on level 3 of the Dungeon.
You were a hulking beast.
You visited 1 branch of the dungeon, and saw 3 of its levels.

You collected 80 gold pieces.

Inventory:

Jewellery
 h - a +4 ring of protection (left tentacle)
Talismans
 b - a beast talisman
 c - a flux talisman
Scrolls
 e - a scroll of brand weapon {unknown}
 f - 2 scrolls of identify {unknown}
 j - a scroll of enchant armour {unknown}
Potions
 a - a potion of lignification
 d - a potion of might {unknown}
 g - a potion of degeneration {unknown}
 i - a potion of magic {unknown}


   Skills:
 - Level 3.0 Fighting
 + Level 2.4 Dodging
 - Level 3.0 Unarmed Combat
 - Level 3.0 Shapeshifting


You had 2 spell levels left.
You didn't know any spells.
Your spell library contained the following spells:

 Spells                   Type           Power      Damage    Failure   Level
 Volatile Blastmotes      Fire/Tloc      0%         2d10      69%         3
 Fulminant Prism          Conj/Alch      0%         3d5       97%         4
 Iskenderun's Mystic Bla  Conj/Tloc      0%         2d3       97%         4


Dungeon Overview and Level Annotations

Branches:
Dungeon (3/15)

Altars:

Annotations:
D:3 Sigmund


Innate Abilities, Weirdness & Mutations

You are a hulking beast.
Your limbs bulge with bestial killing power. (Slay +1)
You cannot wear most types of armour.
You are amphibious.
You can wear up to eight rings at the same time.
Your skin changes colour to match your surroundings (Stealth+).
Your rubbery body absorbs attacks. (AC +1, EV +1)
((You are camouflaged when in or above water. (Stealth+)))
You have tentacles for arms and can constrict up to eight enemies at once.


Message History

A bat is nearby!
There are no items here.
Found a stone staircase leading up.
You tentacle-slap the bat. Your grab misses the bat.
The bat is moderately wounded.
The bat misses you.
You barely miss the bat. You grab the bat. You squeeze the bat.
You kill the bat!
No target in view!
No target in view!
No target in view!
No target in view!
No target in view!
No target in view!
No target in view!
No target in view!
No target in view!
No target in view!
No target in view!
No target in view!
Sigmund the Dreaded comes into view.
He is wielding a +2 heavy scythe and wearing a +1 robe of positive energy.
Sigmund is nearby!
Sigmund is nearby!
A kobold comes into view. It is wielding a +0 club.
The kobold shouts!
Sigmund hits you with a +2 heavy scythe!!
Ouch! That really hurt!
* * * LOW HITPOINT WARNING * * *
You tentacle-slap Sigmund. You grab Sigmund.
Sigmund is lightly wounded.
You constrict Sigmund. The kobold hits you with a +0 club.
* * * LOW HITPOINT WARNING * * *
You tentacle-slap Sigmund. Your squeeze misses Sigmund.
Sigmund is moderately wounded.
You constrict Sigmund. The kobold hits you with a +0 club.
* * * LOW HITPOINT WARNING * * *
Sigmund hits you with a +2 heavy scythe!
Ouch! That really hurt!
You die...
Sigmund begins carving another notch in his scythe.

.##.####### #. ..#...#
#.......... ..
..###.###...##......##..
..# #..#..#.##......#...
#.####......>...........
#.##...###.###........
#.....## #.....# ......#
#.....#.# ......#
#.h@....# ......#
#.#K##..# ......#
#........ ....).#
#......#.
.#....#########......#
.#........†..........#
.......................
)#...............<...##
.##.......(..........#


You could see Sigmund and a kobold.

Vanquished Creatures
  An adder (D:2)
  A worm (D:2)
  4 hobgoblins
  2 jackals (D:1)
  5 kobolds
  3 quokkas
  7 ball pythons
  3 bats
  4 rats
30 creatures vanquished.

Notes
Turn   | Place    | Note
-------+----------+-------------------------------------------
     0 | D:1      | Sonofthefire the Octopode Shapeshifter began the quest for
                  | the Orb.
     0 | D:1      | Reached XP level 1. HP: 13/13 MP: 1/1
   189 | D:1      | Reached XP level 2. HP: 16/19 MP: 2/2
   624 | D:2      | Reached XP level 3. HP: 23/25 MP: 3/3
   895 | D:3      | Noticed Sigmund
   902 | D:3      | Mangled by Sigmund

Illustrated notes

Levels and vault maps discovered:
D:1:      heliophobic_arrival_battle_scene, layout_loops_corners,
          hellmonk_ecumenical_altar_zigzags
D:2:      layout_basic, minmay_misc_feat_square, st_stairs_7,
          nicolae_elevator_lobby_plus
D:3:      layout_rooms, yredelemnul_forgotten_temple_becter,
          gammafunk_temple_overflow_statue, skrybe_limestone_x, minivault_24,
          serial_bayou_lagoon_a, minivault_23, kennysheep_generic_room_14,
          uniq_robin, uniq_sigmund

Skill      XL: |  1  2  3 |
---------------+----------+-----
Fighting       | 2 3 |  3.0
Dodging        | |  2.4
Unarmed Combat | |  3.0
Shapeshifting  | |  3.0

Action                     || total
---------------------------++-------
  Melee: Unarmed           ||    62
         Constrict         ||    19
         Tentacles         ||    15
         Punch             ||     3
   Stab: Sleeping          ||     3
 Armour: Skin              ||    24
  Dodge: Dodged            ||    33

Table legend: (Time is in decaauts)
 A = Elapsed time spent in this place.
 B = Non-inter-level travel time spent in this place.
 C = Inter-level travel time spent in this place.
 D = Time resting spent in this place.
 E = Time spent auto-exploring this place.
 F = Levels seen in this place.
 G = Mean time per level.
                   A        B        C        D        E       F      G
               +--------+--------+--------+--------+--------+-----+--------+
         Total |    897 |    871 |     26 |     66 |    630 |   3 |  299.0 |
       Dungeon |    897 |    871 |     26 |     66 |    630 |   3 |  299.0 |
               +--------+--------+--------+--------+--------+-----+--------+

Top non-repeatable levels by time:
     D:1: 568 daAuts
     D:2: 281 daAuts
     D:3: 47 daAuts
